PL
BOSTON PATRIOTS @ CLEVELAND BROWNS
07/25/2041
 
TOP OF THE 1ST
Boston Patriots batting - Pitching for Cleveland Browns : RHP Eric Matson
Pitching: RHP Eric Matson
Batting: SHB Marc Cadiou 0-0: Ball
1-0: Called Strike
1-1: Ball
2-1: Fly out, F2 (Popup, 3SF, EV 78.8 MPH)
Batting: LHB Juan Andrés Martí 0-0: Ball
1-0: Swinging Strike
1-1: Foul Ball, location: 2F
1-2: Foul Ball, location: 2F
1-2: Ball
2-2: Ball
3-2: Foul Ball, location: 2F
3-2: Ground out 5-3 (Groundball, 56, EV 88.8 MPH)
Batting: SHB Jae-woo Ohm 0-0: Ground out 6-3 (Groundball, 4M, EV 84.4 MPH)
Top of the 1st over - 0 runs, 0 hits, 0 errors, 0 left on base; Boston 0 - Cleveland 0
BOTTOM OF THE 1ST
Cleveland Browns batting - Pitching for Boston Patriots : LHP Leo Ingelbrigtsen
Pitching: LHP Leo Ingelbrigtsen
Batting: SHB Jhett Larson 0-0: Ball
1-0: Swinging Strike
1-1: Fly out, F9 (Flyball, 9LS, EV 86.9 MPH)
Batting: LHB Danny Rodríguez 0-0: Called Strike
0-1: Ball
1-1: Called Strike
1-2: Ball
2-2: Foul Ball, location: 2F
2-2: Ball
3-2: Fly out, F7 (Line Drive, 7D, EV 95.0 MPH)
Batting: RHB Baldomero Avino 0-0: Foul Ball, location: 2F
0-1: Ball
1-1: Ball
2-1: Ball
3-1: SINGLE (Groundball, 56D, EV 102.5 MPH)
Batting: RHB Meester Gobbles-Rooster 0-0: Fly out, F8 (Flyball, 78D, EV 100.0 MPH)
Bottom of the 1st over - 0 runs, 1 hit, 0 errors, 1 left on base; Boston 0 - Cleveland 0
TOP OF THE 2ND
Boston Patriots batting - Pitching for Cleveland Browns : RHP Eric Matson
Batting: SHB Eisse van Opdorp 0-0: Called Strike
0-1: Ball
1-1: Ball
2-1: Ground out 4-3 (Groundball, 4, EV 88.1 MPH)
Batting: LHB Freddy Díaz 0-0: Called Strike
0-1: Swinging Strike
0-2: Strikes out swinging
Batting: RHB Jon Osterman 0-0: Foul Ball, location: 2F
0-1: Fly out, F8 (Flyball, 89M, EV 83.8 MPH)
Top of the 2nd over - 0 runs, 0 hits, 0 errors, 0 left on base; Boston 0 - Cleveland 0
BOTTOM OF THE 2ND
Cleveland Browns batting - Pitching for Boston Patriots : LHP Leo Ingelbrigtsen
Batting: RHB Gerold Olthof 0-0: Swinging Strike
0-1: Ball
1-1: Foul Ball, location: 2F
1-2: Ground out 5-3 (Groundball, 56S, EV 87.5 MPH)
Pitching: RHP Joe Pruitt
Batting: SHB Esteban Piñeiro 0-0: Called Strike
0-1: Ball
1-1: Ball
2-1: Ground out 1-3 (Groundball, 13, EV 84.4 MPH)
Batting: RHB Tom Camden 0-0: Called Strike
0-1: Ball
1-1: Ball
2-1: Ball
3-1: SINGLE (Groundball, 56D, EV 96.9 MPH)
Batting: RHB Roberto Vázquez 0-0: Ball
1-0: Foul Ball, location: 2F
1-1: Ball
2-1: Fielders Choice at 2nd, 6-4 (Groundball, 6, EV 91.9 MPH)
Bottom of the 2nd over - 0 runs, 1 hit, 0 errors, 1 left on base; Boston 0 - Cleveland 0
TOP OF THE 3RD
Boston Patriots batting - Pitching for Cleveland Browns : RHP Eric Matson
Batting: RHB Tyler Bowen 0-0: Foul Ball, location: 2F
0-1: Foul Ball, location: 2F
0-2: Foul Ball, location: 2F
0-2: Ball
1-2: Ball
2-2: Ball
3-2: Strikes out looking
Batting: RHB Brevyn Spann-Ford 0-0: Ball
1-0: Called Strike
1-1: Ball
2-1: Foul Ball, location: 2F
2-2: Foul Ball, location: 2F
2-2: SINGLE (Groundball, 6MD, EV 94.4 MPH)
Batting: SHB Willie McGirt 0-0: Ball
1-0: Ball
2-0: Foul Ball, location: 2F
2-1: DOUBLE (Line Drive, 5D, EV 104.4 MPH)
Brevyn Spann-Ford to third
Runner from 3rd tries for Home, SAFE, throw by LF to home
Batting: SHB Marc Cadiou 0-0: Ball
1-0: Foul Ball, location: 2F
1-1: SINGLE (Line Drive, 89S, EV 93.8 MPH)
Willie McGirt to third
Runner from 3rd tries for Home, SAFE, throw by CF to home
Batting: LHB Juan Andrés Martí 0-0: Ball
1-0: Ball
2-0: Ground out 4-3 (Groundball, 4S, EV 69.4 MPH)
Marc Cadiou to second
Batting: SHB Jae-woo Ohm 0-0: Ball
1-0: Ball
2-0: Ball
3-0: SINGLE (Flyball, 8LS, EV 93.1 MPH)
Marc Cadiou to third
Runner from 3rd tries for Home, SAFE, throw by CF to home
Batting: SHB Eisse van Opdorp 0-0: Fly out, F7 (Flyball, 7S, EV 88.1 MPH)
Top of the 3rd over - 3 runs, 4 hits, 0 errors, 1 left on base; Boston 3 - Cleveland 0
BOTTOM OF THE 3RD
Cleveland Browns batting - Pitching for Boston Patriots : RHP Joe Pruitt
Batting: RHB Carlos Martínez 0-0: Ball
1-0: Ball
2-0: Fly out, F9 (Line Drive, 9, EV 102.5 MPH)
Batting: SHB Jhett Larson 0-0: Ball
1-0: Ball
2-0: SINGLE (Line Drive, 6MD, EV 98.8 MPH)
Batting: LHB Danny Rodríguez 0-0: Ball
Jhett Larson is caught stealing 2nd base 2-6
1-0: Swinging Strike
1-1: Ball
2-1: Ball
3-1: Fly out, F6 (Popup, P, EV 71.9 MPH)
Bottom of the 3rd over - 0 runs, 1 hit, 0 errors, 0 left on base; Boston 3 - Cleveland 0
TOP OF THE 4TH
Boston Patriots batting - Pitching for Cleveland Browns : RHP Eric Matson
Batting: LHB Freddy Díaz 0-0: Ball
1-0: Called Strike
1-1: Ball
2-1: Foul Ball, location: 2F
2-2: Ball
3-2: Foul Ball, location: 2F
3-2: Foul Ball, location: 2F
3-2: Foul Ball, location: 2F
3-2: Foul Ball, location: 2F
3-2: Foul Ball, location: 2F
3-2: Fly out, F7 (Flyball, 78D, EV 102.5 MPH)
Batting: RHB Jon Osterman 0-0: Ball
1-0: Ground out 5-3 (Groundball, 56, EV 100.0 MPH)
Batting: RHB Tyler Bowen 0-0: Called Strike
0-1: Ball
1-1: Fly out, F8 (Line Drive, 8RD, EV 103.8 MPH)
Top of the 4th over - 0 runs, 0 hits, 0 errors, 0 left on base; Boston 3 - Cleveland 0
BOTTOM OF THE 4TH
Cleveland Browns batting - Pitching for Boston Patriots : RHP Joe Pruitt
Batting: RHB Baldomero Avino 0-0: Ball
1-0: Ball
2-0: Called Strike
2-1: Ball
3-1: Foul Ball, location: 2F
3-2: Fly out, F9 (Flyball, 9S, EV 88.1 MPH)
Batting: RHB Meester Gobbles-Rooster 0-0: Fly out, F8 (Flyball, 8LM, EV 95.0 MPH)
Batting: RHB Gerold Olthof 0-0: Ball
1-0: Fly out, F9 (Flyball, 9LMF, EV 92.5 MPH)
Bottom of the 4th over - 0 runs, 0 hits, 0 errors, 0 left on base; Boston 3 - Cleveland 0
TOP OF THE 5TH
Boston Patriots batting - Pitching for Cleveland Browns : RHP Eric Matson
Batting: RHB Brevyn Spann-Ford 0-0: Called Strike
0-1: Reached on error, E5 (Groundball, 56S, EV 73.1 MPH)
Batting: SHB Willie McGirt 0-0: Called Strike
0-1: Ball
1-1: Ball
Brevyn Spann-Ford steals 2nd base
2-1: Foul Ball, location: 2F
2-2: Strikes out swinging
Batting: SHB Marc Cadiou 0-0: Ball
1-0: Ball
2-0: Ground out U3 (Groundball, 3, EV 84.4 MPH)
Brevyn Spann-Ford to third
Batting: LHB Juan Andrés Martí 0-0: Called Strike
0-1: Foul Ball, location: 2F
0-2: Ball
1-2: Foul Ball, location: 2F
1-2: Foul Ball, location: 2F
1-2: Ball
2-2: Ball
3-2: Base on Balls
Batting: SHB Jae-woo Ohm 0-0: Ground out 1-3 (Groundball, 13S, EV 73.8 MPH)
Top of the 5th over - 0 runs, 0 hits, 1 error, 2 left on base; Boston 3 - Cleveland 0
BOTTOM OF THE 5TH
Cleveland Browns batting - Pitching for Boston Patriots : RHP Joe Pruitt
Batting: SHB Esteban Piñeiro 0-0: Ground out 1-3 (Groundball, 34S, EV 74.4 MPH)
Batting: RHB Tom Camden 0-0: Fly out, F6 (Line Drive, 6, EV 68.1 MPH)
Batting: RHB Roberto Vázquez 0-0: Swinging Strike
0-1: SINGLE (Groundball, 6MD, EV 98.8 MPH)
Batting: RHB Carlos Martínez 0-0: Ball
1-0: Ball
2-0: Ball
3-0: Called Strike
3-1: DOUBLE (Line Drive, 78D, EV 113.1 MPH)
Roberto Vázquez to third
Runner from 3rd tries for Home, SAFE, no throw by LF
Batting: SHB Jhett Larson 0-0: Ball
1-0: Fly out, F7 (Flyball, 7LS, EV 90.6 MPH)
Bottom of the 5th over - 1 run, 2 hits, 0 errors, 1 left on base; Boston 3 - Cleveland 1
TOP OF THE 6TH
Boston Patriots batting - Pitching for Cleveland Browns : RHP Eric Matson
Batting: SHB Eisse van Opdorp 0-0: Foul Ball, location: 2F
0-1: Ball
1-1: Ball
2-1: Swinging Strike
2-2: Strikes out swinging
Batting: LHB Freddy Díaz 0-0: Ball
1-0: Foul Ball, location: 2F
1-1: Ball
2-1: Called Strike
2-2: Ball
3-2: Fly out, F8 (Flyball, 8LM, EV 82.5 MPH)
Batting: RHB Jon Osterman 0-0: Ball
1-0: Fly out, F9 (Flyball, 89M, EV 83.8 MPH)
Top of the 6th over - 0 runs, 0 hits, 0 errors, 0 left on base; Boston 3 - Cleveland 1
BOTTOM OF THE 6TH
Cleveland Browns batting - Pitching for Boston Patriots : RHP Joe Pruitt
Batting: LHB Danny Rodríguez 0-0: Ball
1-0: Called Strike
1-1: Called Strike
1-2: Ground out 1-3 (Groundball, 34S, EV 80.6 MPH)
Batting: RHB Baldomero Avino 0-0: Ball
1-0: Ball
2-0: Foul Ball, location: 2F
2-1: Fly out, F9 (Line Drive, 9, EV 93.8 MPH)
Batting: RHB Meester Gobbles-Rooster 0-0: Ball
1-0: Foul Ball, location: 2F
1-1: Ball
2-1: Ball
3-1: SINGLE (Groundball, 34D, EV 96.2 MPH)
Batting: RHB Gerold Olthof 0-0: Ground out 1-3 (Groundball, 15S, EV 72.5 MPH)
Bottom of the 6th over - 0 runs, 1 hit, 0 errors, 1 left on base; Boston 3 - Cleveland 1
TOP OF THE 7TH
Boston Patriots batting - Pitching for Cleveland Browns : RHP Eric Matson
Batting: RHB Tyler Bowen 0-0: Called Strike
0-1: Ball
1-1: Called Strike
1-2: Ground out 6-3 (Groundball, 6, EV 83.8 MPH)
Batting: RHB Brevyn Spann-Ford 0-0: Called Strike
0-1: Ball
1-1: Ground out 1-3 (Groundball, 15S, EV 70.6 MPH)
Batting: SHB Willie McGirt 0-0: Ball
1-0: Foul Ball, location: 2F
1-1: Foul Ball, location: 2F
1-2: Foul Ball, location: 2F
1-2: Foul Ball, location: 2F
1-2: Ball
2-2: Foul Ball, location: 2F
2-2: Fly out, F2 (Popup, 5SF, EV 90.0 MPH)
Top of the 7th over - 0 runs, 0 hits, 0 errors, 0 left on base; Boston 3 - Cleveland 1
BOTTOM OF THE 7TH
Cleveland Browns batting - Pitching for Boston Patriots : RHP Joe Pruitt
Batting: SHB Esteban Piñeiro 0-0: Swinging Strike
0-1: Ball
1-1: Swinging Strike
1-2: Strikes out swinging
Batting: RHB Tom Camden 0-0: Called Strike
0-1: Ball
1-1: Fly out, F6 (Popup, 6, EV 58.8 MPH)
Batting: RHB Roberto Vázquez 0-0: Ball
1-0: Ball
2-0: SINGLE (Flyball, 9S, EV 90.6 MPH)
Batting: RHB Carlos Martínez 0-0: SINGLE (Groundball, 6MD, EV 103.8 MPH)
Roberto Vázquez to second
Runner from 2nd tries for 3rd, SAFE, throw by CF made to third
Batting: SHB Jhett Larson 0-0: Called Strike
0-1: Ball
1-1: Ground out 4-3 (Groundball, 4, EV 80.6 MPH)
Bottom of the 7th over - 0 runs, 2 hits, 0 errors, 2 left on base; Boston 3 - Cleveland 1
TOP OF THE 8TH
Boston Patriots batting - Pitching for Cleveland Browns : RHP Eric Matson
Pitching: RHP Tom Holloway
Batting: SHB Marc Cadiou 0-0: Ball
1-0: Ball
2-0: Foul Ball, location: 2F
2-1: Ground out 4-3 (Groundball, 34, EV 89.4 MPH)
Batting: LHB Juan Andrés Martí 0-0: Ball
1-0: Foul Ball, location: 2F
1-1: Ball
2-1: Ball
3-1: Base on Balls
Batting: SHB Jae-woo Ohm 0-0: Ball
1-0: Ball
Juan Andrés Martí steals 2nd base
2-0: 2-RUN HOME RUN (Flyball, 9LD, EV 101.2 MPH), Distance : 347 ft
Batting: SHB Eisse van Opdorp 0-0: Ball
1-0: SINGLE (Groundball, 4S, EV 88.1 MPH) (infield hit)
Batting: LHB Freddy Díaz 0-0: Ball
1-0: Ball
2-0: Foul Ball, location: 2F
2-1: Fly out, F9 (Flyball, 89D, EV 106.2 MPH)
Batting: RHB Jon Osterman 0-0: Fielders Choice at 2nd, 5-4 (Groundball, 5L, EV 82.5 MPH)
Top of the 8th over - 2 runs, 2 hits, 0 errors, 1 left on base; Boston 5 - Cleveland 1
BOTTOM OF THE 8TH
Cleveland Browns batting - Pitching for Boston Patriots : RHP Joe Pruitt
Batting: LHB Danny Rodríguez 0-0: Ball
1-0: Ball
2-0: Foul Ball, location: 2F
2-1: SINGLE (Line Drive, 6MD, EV 97.5 MPH)
Batting: RHB Baldomero Avino 0-0: Swinging Strike
0-1: Called Strike
0-2: Strikes out swinging
Batting: RHB Meester Gobbles-Rooster 0-0: Ball
1-0: Called Strike
1-1: Ground out 5-3 (Groundball, 56S, EV 62.5 MPH)
Danny Rodríguez to second
Batting: RHB Gerold Olthof 0-0: Ball
1-0: Ground out 6-3 (Groundball, 6, EV 80.6 MPH)
Bottom of the 8th over - 0 runs, 1 hit, 0 errors, 1 left on base; Boston 5 - Cleveland 1
TOP OF THE 9TH
Boston Patriots batting - Pitching for Cleveland Browns : RHP Tom Holloway
Batting: RHB Tyler Bowen 0-0: Foul Ball, location: 2F
0-1: Ball
1-1: Called Strike
1-2: Ball
2-2: Fly out, F5 (Line Drive, 5, EV 61.9 MPH)
Batting: RHB Brevyn Spann-Ford 0-0: Called Strike
0-1: Foul Ball, location: 2F
0-2: Ball
1-2: Strikes out looking
Batting: SHB Willie McGirt 0-0: Ball
1-0: Ball
2-0: Ball
3-0: Called Strike
3-1: Base on Balls
Pitching: LHP Nick Altrock
Batting: SHB Marc Cadiou 0-0: Foul Ball, location: 2F
0-1: Ball
1-1: Called Strike
1-2: Fly out, F7 (Flyball, 7LM, EV 79.4 MPH)
Top of the 9th over - 0 runs, 0 hits, 0 errors, 1 left on base; Boston 5 - Cleveland 1
BOTTOM OF THE 9TH
Cleveland Browns batting - Pitching for Boston Patriots : RHP Joe Pruitt
Batting: SHB Esteban Piñeiro 0-0: Ball
1-0: Called Strike
1-1: Called Strike
1-2: Ball
2-2: Foul Ball, location: 2F
2-2: SOLO HOME RUN (Flyball, 8RXD, EV 103.1 MPH), Distance : 435 ft
Pitching: LHP Rafael Herrera
Batting: RHB Tom Camden 0-0: Ball
1-0: Called Strike
1-1: Ball
2-1: Ball
3-1: Fly out, F9 (Flyball, 9S, EV 77.5 MPH)
Batting: RHB Roberto Vázquez 0-0: Swinging Strike
0-1: Called Strike
0-2: Strikes out swinging
Batting: RHB Carlos Martínez 0-0: Called Strike
0-1: Foul Ball, location: 2F
0-2: Ball
1-2: SINGLE (Groundball, 56D, EV 96.2 MPH)
Batting: SHB Jhett Larson 0-0: Foul Ball, location: 2F
0-1: Ball
Balk!
Carlos Martínez to second
1-1: Ground out 1-3 (Groundball, 23, EV 91.2 MPH)
Bottom of the 9th over - 1 run, 2 hits, 0 errors, 1 left on base; Boston 5 - Cleveland 2
Tuesday, January 5th, 2021 - OOTP Baseball 20.8 Build 74